 Dungeon Crawl Stone Soup version 0.28.0-1-gb440e238dd (webtiles) character file.

Game seed: 14660920236138822542

3 Kaptain the Digger (level 1, 14/14 HPs)
             Began as a Draconian Earth Elementalist on Feb 20, 2022.
             Quit the game on level 1 of the Dungeon.
             The game lasted 00:01:02 (175 turns).

Kaptain the Digger (Draconian Earth Elementalist)    Turns: 175, Time: 00:01:03

Health: 14/14      AC:  5    Str: 10    XL:     1   Next: 41%
Magic:  3/3        EV: 12    Int: 15    God:
Gold:   21         SH:  0    Dex: 11    Spells: 3/4 levels left

rFire   . . .      SeeInvis .   c - +0 hunting sling
rCold   . . .      Faith    .   (no shield)
rNeg    . . .      Spirit   .   (armour unavailable)
rPois   .          Reflect  .   (helmet restricted)
rElec   .          Harm     .   e - +0 cloak
rCorr   .          Rampage  .   (no gloves)
Will    .....                   (no boots)
Stlth   ++........              (no amulet)
HPRegen 0.04/turn               (no ring)
MPRegen 0.08/turn               (no ring)

@: no status effects
A: AC +4, unfitting armour, cold-blooded
a: no special abilities


You were on level 1 of the Dungeon.
You visited 1 branch of the dungeon, and saw 1 of its levels.

You collected 21 gold pieces.

Inventory:

Hand Weapons
 c - a +0 hunting sling (weapon)
Missiles
 b - 27 stones (quivered ammo)
Armour
 e - a +0 cloak (worn)
Scrolls
 d - a scroll of magic mapping {unknown}
Potions
 a - a potion of curing {unknown}


   Skills:
 + Level 0.2 Fighting
 + Level 1.8 Dodging
 + Level 1.8 Stealth
 * Level 2.0 Spellcasting
 - Level 1.0 Transmutations
 * Level 3.0 Earth Magic


You had 3 spell levels left.
You knew the following spells:

 Your Spells              Type           Power      Damage    Failure   Level
a - Sandblast             Erth           20%        2d7       6%          1

Your spell library contained the following spells:

 Spells                   Type           Power      Damage    Failure   Level
 Passwall                 Tmut/Erth      5%         N/A       14%         2
 Stone Arrow              Conj/Erth      12%        3d7       34%         3
 Petrify                  Tmut/Erth      7%         N/A       67%         4


Dungeon Overview and Level Annotations

Branches:
Dungeon (1/15)

Altars:


Innate Abilities, Weirdness & Mutations

Your plain brown scales are hard. (AC +4)
You cannot fit into any form of body armour.
You are cold-blooded and may be slowed by cold attacks.


Message History

You kill the dart slug!
Unknown command.
Found a robe.
The rat bites you but does no damage.
You closely miss the rat. The rat bites you but does no damage.
You closely miss the rat.
Your tail-slap misses the rat.
The rat closely misses you.
You hit the rat but do no damage.
Your tail-slap misses the rat.
The rat barely misses you.
You hit the rat.
Your tail-slap misses the rat.
The rat is severely wounded.
The rat bites you but does no damage.
You hit the rat.
You kill the rat!
You see here a rat corpse.
Unknown command.
You see here a +0 hunting sling.
c - a +0 hunting sling
c - a +0 hunting sling (weapon)
You start resting.
Magic restored.
You start resting.
HP restored.
d - a scroll labelled GEIKHLU UDOUQ
Found a cloak.
You see here a +0 cloak.
e - a +0 cloak You start putting on your armour.
You continue putting on your +0 cloak. x4
You finish putting on your +0 cloak.
Unknown command.
Unknown command.
Unknown command.
Unknown command.
Unknown command.
Unknown command.
Save game and exit?
Welcome back, Kaptain the Draconian Earth Elementalist.
Press ? for a list of commands and other information.
Save game and exit?
Okay, then.
Are you sure you want to abandon this character and quit the game? (Confirm with "yes".)

#.##.##.######
#.#
#.........#
#.#
#.......#.#
#.#
..##.####.#
#.# ..##.# #.#
#.# .###.# #.#
#.# .# #.#
#.######.# .#
#.# #......#.#
.#
.#####.....#@#
.#
.............#
.#
.###.#.....###
#.#.....# #
###.### #.#
#.# #.# #.#


There were no monsters in sight!

Vanquished Creatures
  A dart slug (D:1)
  A rat (D:1)
2 creatures vanquished.

Notes
Turn   | Place    | Note
-------+----------+-------------------------------------------
     0 | D:1      | Kaptain the Draconian Earth Elementalist began the quest
                  | for the Orb.
     0 | D:1      | Reached XP level 1. HP: 14/14 MP: 3/3
   175 | D:1      | Quit the game

Illustrated notes

Levels and vault maps discovered:
D:1:      dpeg_arrival_line_fractal, layout_loops_ring

Action                   || total
-------------------------++-------
Melee: Unarmed           ||     5
 Cast: Sandblast         ||     3
Armor: Skin              ||     3
Dodge: Dodged            ||     2
